 Dungeon Crawl Stone Soup version 0.26-a0-682-g294304f6e8 (webtiles) character file.

Game seed: 874790956471465901

3674 Bapho the Firebug (level 9, -1/74 HPs)
             Began as a White Draconian Fire Elementalist on Oct 21, 2020.
             Was a High Priest of Vehumet.
             Slain by an orc warlord
             ... wielding a cursed -1 war axe
              (30 damage)
             ... in a bailey.
             The game lasted 00:38:32 (11765 turns).

Bapho the Firebug (DrFE)                           Turns: 11765, Time: 00:38:33

Health: -1/74      AC:  8    Str: 11    XL:     9   Next: 89%
Magic:  2/18       EV: 13    Int: 24    God:    Vehumet [*****.]
Gold:   539        SH:  0    Dex:  9    Spells: 2/20 levels left

rFire    + . .     SeeInvis .   q - +5 hand axe of Jamob {vorpal, rPois rC+ Int+6 Dex-3}
rCold    + + .     Faith    +   (no shield)
rNeg     . . .     Spirit   .   (armour unavailable)
rPois    +         Reflect  .   (helmet restricted)
rElec    .         Harm     .   n - +0 cloak
rCorr    .         Rampage  .   (no gloves)
MR       .....                  (no boots)
Stlth    ++........             g - amulet of faith
HPRegen  0.22/turn              l - ring of protection from fire
MPRegen  0.16/turn              (no ring)

@: no status effects
A: breathe frost, unfitting armour, cold resistance 1, cold-blooded, AC +7
a: Breathe Frost, Renounce Religion


You were in a bailey.
You worshipped Vehumet.
Vehumet was extremely pleased with you.
You visited 1 branch of the dungeon, and saw 8 of its levels.
You also visited: Sewer and Bailey.

You collected 539 gold pieces.

Inventory:

Hand Weapons
 a - a +1 trident of freezing
 e - a +0 short sword
 f - a +0 trident
 q - the +5 hand axe of Jamob (weapon) {vorpal, rPois rC+ Int+6 Dex-3}
   (You found it on level 4 of the Dungeon)

   It inflicts extra damage upon your enemies.
   It affects your intelligence (+6).
   It affects your dexterity (-3).
   It protects you from cold.
   It protects you from poison.
Missiles
 b - 247 stones (quivered)
Armour
 k - a scarf of harm
 n - a +0 cloak (worn)
Jewellery
 d - an uncursed amulet of the acrobat {unknown}
 g - an amulet of faith (around neck)
 l - a ring of protection from fire (left hand)
 r - a +4 ring of protection {unknown}
Wands
 x - a wand of disintegration (15)
 y - a wand of iceblast (7)
Scrolls
 c - 2 scrolls of enchant armour
 i - a scroll of identify
 j - 2 scrolls of amnesia
 m - 3 scrolls of remove curse
 p - 3 scrolls of blinking
 s - 4 scrolls of teleportation
 t - a scroll of fear
 u - a scroll of random uselessness
 E - a scroll of enchant weapon {unknown}
Potions
 h - 5 potions of flight
 o - 3 potions of might
 z - a potion of mutation
 A - a potion of ambrosia
 B - a potion of magic {unknown}
 C - 2 potions of curing
 D - a potion of haste {unknown}


   Skills:
 + Level 5.4 Fighting
 - Level 3.9 Polearms
 + Level 4.8 Dodging
 - Level 1.7 Stealth
 - Level 6.3 Spellcasting
 - Level 5.2 Conjurations
 - Level 7.0 Fire Magic


You had 2 spell levels left.
You knew the following spells:

 Your Spells              Type           Power        Failure   Level
a - Foxfire               Conj/Fire      ####         1%          1
b - Conjure Flame         Conj/Fire      #####...     1%          3
c - Blink                 Tloc           N/A          12%         2
d - Sticky Flame          Conj/Fire      #####...     1%          4
e - Fireball              Conj/Fire      #####.....   4%          5
f - Inner Flame           Hex/Fire       ###.....     1%          3

Your spell library contained the following spells:

 Spells                   Type           Power        Failure   Level
 Iskenderun's Mystic Bla  Conj/Tloc      ###.....     7%          4
 Magic Dart               Conj           ####         1%          1
 Summon Small Mammal      Summ           #...         8%          1
 Call Imp                 Summ           #.......     12%         2
 Slow                     Hex            #.......     12%         2
 Mephitic Cloud           Conj/Pois/Air  ###.....     3%          3
 Call Canine Familiar     Summ           #.......     24%         3
 Confusing Touch          Hex            #.......     24%         3
 Gell's Gravitas          Tloc           #.........   24%         3
 Summon Guardian Golem    Hex/Summ       #.......     24%         3
 Yara's Violent Unravell  Hex/Tmut       #.........   45%         5
 Petrify                  Tmut/Erth      #.......     61%         4
 Summon Ice Beast         Ice/Summ       #.......     61%         4
 Summon Lightning Spire   Summ/Air       #.......     61%         4
 Metabolic Englaciation   Hex/Ice        #.........   91%         5


Dungeon Overview and Level Annotations

Branches:
Dungeon (8/15)             Temple (0/1) D:4            Lair (0/6) D:8
  Sewer (visited)          Bailey (1/1)

Altars:
Ashenzari
Dithmenos
Elyvilon
Fedhas
Gozag
Okawaru
Qazlal
Ru
Uskayaw
Vehumet
Xom

Shops:
D:6 }

Annotations:
D:5 exclusion: oklob plant


Innate Abilities, Weirdness & Mutations

You can breathe waves of freezing cold.
You can buffet flying creatures when you breathe cold.
Your icy white scales are hard. (AC +7)
You cannot fit into any form of body armour.
Your flesh is cold resistant. (rC+)
You are cold-blooded and may be slowed by cold attacks.


Message History

The orc warlord burns!
The orc warlord burns!
Unknown command.
The orc warlord burns!
The orc warlord stops burning.
Casting: Sticky Flame (dangerous; 1% risk of failure)
Confirm with . or Enter, or press ? or * to list all spells.
You don't have enough magic to cast that spell.
Things that are here:
a +0 hand axe; a +0 leather armour
Casting: Sticky Flame (dangerous; 1% risk of failure)
Confirm with . or Enter, or press ? or * to list all spells.
Press: ? - help, Shift-Dir - straight line, f - goblin, p - orc warlord
Aim: a goblin, wielding a +0 hand axe and wearing a +0 leather armour (moderately wounded, chance to defeat MR: 91%)
The goblin is filled with an inner flame.
The goblin hits you but does no damage.
You hit the goblin but do no damage.
The goblin is moderately wounded.
You closely miss the orc warlord.
The orc warlord hits you with a cursed -1 war axe!!
You die...

...##≈≈≈≈≈##.......##
....#≈≈≈≈≈#...8..8..##
....#≈≈≈≈≈#..........#
..))'..(..'.)........#
..#########.)....8...#
.##≈≈≈ ≈≈####......##
.#≈).. .≈#≈≈#.....##
.#g?.. .....≈#..).##
.##8.8 ..8.8≈##.@.#
..#o.. .....≈≈'.go#
..#g.. ∩....≈≈'...#
..#... .....≈≈'.).#
.##8.8 ..8.8≈##...#
.#≈?.. .....≈#...)##
.#≈}.. ..≈#≈≈#.....##
.# ≈≈≈ ≈≈####......##
..#########......8...#


You could see an orc warlord and a goblin (inner flame).

Vanquished Creatures
  Grinder (D:6)
  Menkaure (D:4)
  A sky beast (D:8)
  4 orc warriors
  3 ogres
  3 phantoms
  3 centaurs
  3 bullfrogs
  4 scorpions
  6 killer bees
  2 howler monkeys
  A bullfrog zombie (D:6)
  10 hounds
  A jelly (D:5)
  12 orc wizards
  2 orc priests
  4 bullfrog skeletons
  Ijyb (D:5)
  2 iguanas (D:7)
  Natasha (twice) (D:2)
  2 worker ants
  A hound skeleton (D:5)
  A worker ant zombie (D:6)
  10 adders
  A shadow imp (D:7)
  3 white imps (D:5)
  3 ufetubi
  6 oozes
  2 adder zombies
  6 worms
  A dart slug (D:1)
  8 leopard geckos
  23 orcs
  A ball python (D:2)
  6 giant cockroaches
  12 hobgoblins
  11 jackals
  21 kobolds
  2 quokkas
  15 bats
  6 frilled lizards
  4 goblins
  A jackal skeleton (D:4)
  A leopard gecko skeleton (D:5)
  10 rats
223 creatures vanquished.

Vanquished Creatures (collateral kills)
  9 foxfires
9 creatures vanquished.

Vanquished Creatures (others)
  455 foxfires
  7 plants (D:5)
  17 toadstools (D:5)
479 creatures vanquished.

Grand Total: 711 creatures vanquished

Notes
Turn   | Place    | Note
-------+----------+-------------------------------------------
     0 | D:1      | Bapho the Draconian Fire Elementalist began the quest for
                  | the Orb.
     0 | D:1      | Reached XP level 1. HP: 14/14 MP: 3/3
   492 | D:1      | Reached XP level 2. HP: 20/20 MP: 3/5
   992 | D:2      | Found a radiant altar of Vehumet.
  1007 | D:2      | Became a worshipper of Vehumet
  1074 | D:2      | Reached XP level 3. HP: 26/26 MP: 3/6
  1286 | D:2      | Found a hide-covered altar of Uskayaw.
  1519 | D:2      | Found a white marble altar of Elyvilon.
  1629 | D:2      | Learned a level 3 spell: Conjure Flame
  1783 | D:2      | Found a faded altar of an unknown god.
  1814 | D:2      | Reached XP level 4. HP: 33/33 MP: 5/8
  1849 | D:2      | Noticed Natasha
  1863 | D:2      | Killed Natasha
  2132 | D:2      | Noticed Natasha
  2162 | D:2      | Killed Natasha
  2162 | D:2      | Reached skill level 4 in Fire Magic
  2481 | D:2      | Found an opulent altar of Gozag.
  2636 | D:3      | Found a broken altar of Ashenzari.
  2763 | D:3      | Reached * piety under Vehumet
  2763 | D:3      | Offered knowledge of Freeze by Vehumet.
  2765 | D:3      | Reached XP level 5. HP: 20/38 MP: 3/9
  3271 | D:3      | Found a stormy altar of Qazlal.
  3515 | D:3      | Reached skill level 1 in Fighting
  3515 | D:3      | Reached skill level 1 in Polearms
  4085 | D:3      | Learned a level 2 spell: Blink
  4188 | D:4      | Found a staircase to the Ecumenical Temple.
  4218 | D:4      | Noticed Menkaure
  4228 | D:4      | Killed Menkaure
  4228 | D:4      | Reached XP level 6. HP: 12/50 MP: 5/11
  4465 | D:4      | Learned a level 4 spell: Sticky Flame
  4783 | D:4      | Reached ** piety under Vehumet
  4795 | D:4      | Offered knowledge of Sandblast by Vehumet.
  4961 | D:4      | Got a dazzling hand axe
  4962 | D:4      | Identified the +5 hand axe of Jamob {vorpal, rPois rC+
                  | Int+6 Dex-3} (You found it on level 4 of the Dungeon)
  4984 | D:4      | Found a shadowy altar of Dithmenos.
  5032 | D:5      | Entered Level 5 of the Dungeon
  5032 | D:5      | Found a shimmering altar of Xom.
  5038 | D:5      | Your scales start taking on an icy white colour.
  5038 | D:5      | Reduced skill Fire Magic to level 3
  5038 | D:5      | Reached XP level 7. HP: 58/58 MP: 12/12
  5038 | D:5      | Gained mutation: Your flesh is cold resistant. (rC+) [White
                  | Draconian growth]
  5058 | D:5      | Found a glowing drain.
  5095 | Sewer    | Entered a sewer
  5729 | D:5      | Offered knowledge of Stone Arrow by Vehumet.
  6071 | D:5      | Found a blossoming altar of Fedhas.
  6105 | D:5      | Noticed an oklob plant
  6540 | D:5      | Noticed Ijyb
  6563 | D:5      | Killed Ijyb
  6693 | D:5      | Reached *** piety under Vehumet
  6791 | D:6      | Found an iron altar of Okawaru.
  7049 | D:6      | Reached skill level 4 in Fire Magic
  7054 | D:6      | Reached XP level 8. HP: 50/66 MP: 6/14
  7133 | D:5      | Learned a level 5 spell: Fireball
  7149 | D:6      | Noticed Grinder
  7155 | D:6      | Paralysed by Grinder for 6 turns
  7160 | D:6      | Killed Grinder
  7179 | D:5      | Offered knowledge of Frozen Ramparts by Vehumet.
  7497 | D:6      | Reached skill level 5 in Spellcasting
  7508 | D:6      | Reached skill level 5 in Fire Magic
  8319 | D:6      | Found a sacrificial altar of Ru.
  8537 | D:6      | Found Ifaucops's Gadget Shoppe.
  9027 | D:7      | Reached XP level 9. HP: 66/71 MP: 2/17
  9509 | D:7      | Learned a level 3 spell: Inner Flame
  9512 | D:7      | Reached skill level 6 in Fire Magic
  9796 | D:7      | Reached **** piety under Vehumet
  9852 | D:7      | Offered knowledge of Iskenderun's Battlesphere by Vehumet.
 10013 | D:7      | Reached skill level 5 in Conjurations
 10463 | D:7      | Reached skill level 7 in Fire Magic
 11038 | D:8      | Found a flagged portal.
 11078 | D:8      | Reached skill level 5 in Fighting
 11348 | Bailey   | Entered a bailey
 11371 | Bailey   | Reached ***** piety under Vehumet
 11379 | Bailey   | Offered knowledge of Iskenderun's Mystic Blast by Vehumet.
 11429 | Bailey   | Noticed an orc warlord
 11629 | Bailey   | Found a runed translucent gate.
 11630 | Bailey   | Found a runed translucent gate.
 11631 | Bailey   | Found a runed translucent gate.
 11765 | Bailey   | Slain by an orc warlord

Illustrated notes

Levels and vault maps discovered:
D:1:      dpeg_arrival_prison, layout_basic
D:2:      layout_basic, lemuel_coloured_pillars_altar, fiery_altar_vehumet,
          elyvilon_altar_3, chequers_ecumenical_altar_grove,
          lemuel_altar_in_water, uniq_natasha
D:3:      layout_loops_ring, overflow_temple_1_default,
          chequers_serial_rivers_small_b, nicolae_ashenzari_panopticon
D:4:      layout_rooms, kennysheep_mini_moat, minmay_temple_entry_trees,
          uniq_menkaure
D:5:      layout_basic, tgw_fedhas, xom_teletrap_fun,
          cheibrodos_sewer_entry_drain, uniq_ijyb
D:6:      layout_rooms, okawaru_gym_becter, nicolae_ru_great_annihilating_truth,
          serial_shops, nicolae_shop_crystal, uniq_grinder
D:7:      layout_gridville, minmay_a_box_with_orc_wizards_in_it
D:8:      layout_loops_ring, marbit_many_paths, overflow_temple_1_default,
          erik_lair_island, enter_bailey_6, minmay_misc_feat_tower
Bailey:   bailey_axe_bossmonster_kennysheep, bailey

Skill      XL: |  1  2  3  4  5  6  7  8  9 |
---------------+----------------------------+-----
Conjurations   | 2 3 4 5 |  5.2
Spellcasting   | 3 4 5 6 |  6.3
Fire Magic     | 4 3 4 5 7 |  7.0
Fighting       | 2 3 4 5 |  5.4
Polearms       | 2 3 |  3.9
Dodging        | 3 4 |  4.8
Stealth        | |  1.7

Action                   |  1- 3 |  4- 6 |  7- 9 || total
-------------------------+-------+-------+-------++-------
Melee: Short sword       |    19 |    23 |       ||    42
       Tailslap          |     4 |     7 |    15 ||    26
       Trident           |       |    73 |       ||    73
       Hand axe          |       |     6 |   228 ||   234
Throw: Stone             |       |       |    13 ||    13
 Cast: Foxfire           |    54 |    85 |   159 ||   298
       Sticky Flame      |       |       |    23 ||    23
       Conjure Flame     |       |       |    12 ||    12
       Fireball          |       |       |    18 ||    18
       Inner Flame       |       |       |    10 ||    10
 Abil: Breathe Frost     |       |       |     2 ||     2
  Use: Scroll            |     2 |     4 |    11 ||    17
       Potion            |       |     4 |     5 ||     9
 Stab: Sleeping          |       |     1 |     1 ||     2
Armor: Skin              |    12 |    55 |   118 ||   185
Dodge: Dodged            |    18 |   107 |   212 ||   337

Table legend: (Time is in decaauts)
 A = Elapsed time spent in this place.
 B = Non-inter-level travel time spent in this place.
 C = Inter-level travel time spent in this place.
 D = Time resting spent in this place.
 E = Time spent auto-exploring this place.
 F = Levels seen in this place.
 G = Mean time per level.
                   A        B        C        D        E       F      G
               +--------+--------+--------+--------+--------+-----+--------+
         Total |  11973 |  11740 |    233 |   4018 |   5311 |  10 | 1197.3 |
       Dungeon |  10933 |  10700 |    233 |   3836 |   4940 |   8 | 1366.6 |
         Sewer |    622 |    622 |      0 |     19 |    346 |   1 |  622.0 |
        Bailey |    417 |    417 |      0 |    163 |     25 |   1 |  417.0 |
               +--------+--------+--------+--------+--------+-----+--------+

Top non-repeatable levels by time:
     D:5: 2211 daAuts
     D:7: 1969 daAuts
     D:2: 1868 daAuts
     D:3: 1391 daAuts
     D:6: 1315 daAuts
     D:1: 939 daAuts
     D:4: 879 daAuts
   Sewer: 622 daAuts
  Bailey: 417 daAuts
     D:8: 358 daAuts
